 Dungeon Crawl Stone Soup version 0.27-a0-263-gc8dee61f84 (webtiles) character file.

Game seed: 9684432967852769014

50 hatsuma the Vexing (level 3, -1/20 HPs)
             Began as a Deep Elf Arcane Marksman on Feb 5, 2021.
             Slain by an adder (3 damage)
             ... on level 2 of the Dungeon.
             The game lasted 00:09:33 (2108 turns).

hatsuma the Vexing (Deep Elf Arcane Marksman)       Turns: 2108, Time: 00:09:34

Health: -1/20      AC:  2    Str:  7    XL:     3   Next: 55%
Magic:  6/8        EV: 13    Int: 17    God:
Gold:   90         SH:  0    Dex: 16    Spells: 0/6 levels left

rFire    . . .     SeeInvis .   b - +0 dagger
rCold    . . .     Faith    .   (no shield)
rNeg     . . .     Spirit   .   e - +0 robe
rPois    .         Reflect  .   h - +0 hat
rElec    .         Harm     .   (no cloak)
rCorr    .         Rampage  .   (no gloves)
Will     .....                  (no boots)
Stlth    ++........             (no amulet)
HPRegen  0.06/turn              (no ring)
MPRegen  0.11/turn              (no ring)

@: lethally poisoned (-1 -> -9)
A: no striking features
a: no special abilities


You were on level 2 of the Dungeon.
You visited 1 branch of the dungeon, and saw 2 of its levels.

You collected 90 gold pieces.

Inventory:

Hand Weapons
 a - a +0 shortbow
 b - a +0 dagger (weapon)
Missiles
 d - 15 arrows
Armour
 e - a +0 robe (worn)
 h - a +0 hat (worn)
Scrolls
 c - a scroll of fear
 f - a scroll of enchant armour {unknown}
 g - 2 scrolls of immolation
 i - a scroll of teleportation {unknown}
 j - 4 scrolls of remove curse
 n - 2 scrolls of blinking
Potions
 k - a potion of brilliance {unknown}
 m - a potion of degeneration {unknown}


   Skills:
 + Level 1.2 Fighting
 - Level 3.0 Bows
 - Level 3.0 Dodging
 - Level 3.0 Stealth
 - Level 2.0 Spellcasting
 - Level 4.0 Hexes


You couldn't memorise any spells.
You knew the following spells:

 Your Spells              Type           Power        Failure   Level
a - Corona                Hex            16%          3%          1
b - Slow                  Hex            15%          5%          2
c - Inner Flame           Hex/Fire       8%           26%         3

Your spell library contained the following spells:

 Spells                   Type           Power        Failure   Level
 Confusing Touch          Hex            15%          11%         3
 Portal Projectile        Hex/Tloc       16%          26%         3
 Cause Fear               Hex            7%           36%         4
 Gell's Gravitas          Tloc           0%           50%         3
 Leda's Liquefaction      Hex/Erth       4%           63%         4
 Petrify                  Tmut/Erth      1%           88%         4
 Metabolic Englaciation   Hex/Ice        4%           93%         5
 Yara's Violent Unravell  Hex/Tmut       4%           93%         5


Dungeon Overview and Level Annotations

Branches:
Dungeon (2/15)

Altars:


Message History

You miss the adder. The adder misses you.
You completely miss the adder. The adder bites you.
You are poisoned.
The adder poisons you!
You barely miss the adder.
You feel sick. The adder bites you.
* * * LOW HITPOINT WARNING * * *
Casting: Slow (safe; 5% risk of failure)
Confirm with . or Enter, or press ? or * to list all spells.
Aiming: Corona (safe; 3% risk of failure)
Press: ? - help, Shift-Dir - straight line, f/p - adder
Aim: an adder (slow, chance to affect: 61%)
The adder is outlined in light.
You barely miss the adder. The adder bites you.
* * * LOW HITPOINT WARNING * * *
You barely miss the adder.
You feel sick. The adder bites you.
* * * LOW HITPOINT WARNING * * *
You are more poisoned.
The adder poisons you!
You hit the adder but do no damage. The adder bites you.
You die...

#### #.##>.# #
#### #..#
)....##..#
#......#
#.########
#.###.##
#.......####.#
#)# #........K.#
#.#
#.###.########.#
#.S@.......# #
############


You could see an adder (slow, corona).

Vanquished Creatures
  3 dart slugs
  3 leopard geckos
  4 bats
  A giant cockroach (D:2)
  6 hobgoblins
  4 jackals (D:2)
  3 ball pythons (D:1)
  5 frilled lizards
  2 goblins (D:1)
  5 kobolds (D:1)
  2 rats (D:1)
38 creatures vanquished.

Notes
Turn   | Place    | Note
-------+----------+-------------------------------------------
     0 | D:1      | hatsuma the Deep Elf Arcane Marksman began the quest for
                  | the Orb.
     0 | D:1      | Reached XP level 1. HP: 11/11 MP: 5/5
    30 | D:1      | Reached skill level 1 in Fighting
    35 | D:1      | Reached skill level 1 in Stealth
   236 | D:1      | Reached XP level 2. HP: 16/16 MP: 7/7
   438 | D:1      | Learned a level 2 spell: Slow
   879 | D:1      | Reached XP level 3. HP: 20/20 MP: 5/8
   941 | D:1      | Learned a level 3 spell: Inner Flame
  1707 | D:2      | HP: 1/20 [giant cockroach (2)]
  2107 | D:2      | HP: 1/20 [adder (3)]
  2108 | D:2      | Slain by an adder

Illustrated notes

Levels and vault maps discovered:
D:1:      lemuel_arrival_room, layout_rooms
D:2:      layout_loops_ring, lemuel_coloured_pillars_altar,
          gammafunk_temple_overflow_elements, chequers_serial_rivers_micro_c,
          fedhas_altar_fruit_tree

Skill      XL: |  1  2  3 |
---------------+----------+-----
Fighting       | 1 |  1.2
Stealth        | 1 3 |  3.0
Spellcasting   | 2 |  2.0
Bows           | 3 |  3.0
Dodging        | 3 |  3.0
Hexes          | |  4.0

Action                   || total
-------------------------++-------
Melee: Dagger            ||   132
 Fire: Shortbow          ||    49
 Cast: Corona            ||     5
       Slow              ||     5
  Use: Scroll            ||     4
 Stab: Sleeping          ||     4
Armor: Robe              ||    38
Dodge: Dodged            ||   136

Table legend: (Time is in decaauts)
 A = Elapsed time spent in this place.
 B = Non-inter-level travel time spent in this place.
 C = Inter-level travel time spent in this place.
 D = Time resting spent in this place.
 E = Time spent auto-exploring this place.
 F = Levels seen in this place.
 G = Mean time per level.
                   A        B        C        D        E       F      G
               +--------+--------+--------+--------+--------+-----+--------+
         Total |   2103 |   2095 |      8 |    836 |    721 |   2 | 1051.5 |
       Dungeon |   2103 |   2095 |      8 |    836 |    721 |   2 | 1051.5 |
               +--------+--------+--------+--------+--------+-----+--------+

Top non-repeatable levels by time:
     D:1: 1228 daAuts
     D:2: 874 daAuts
